 Dungeon Crawl Stone Soup version 0.19.1-1-g22dce08 (webtiles) character file.

522 Alarkh the Cleaver (level 7, 33/57 HPs)
             Began as a White Draconian Monk on Jan 18, 2017.
             Quit the game on level 5 of the Dungeon.
             The game lasted 00:03:45 (2814 turns).

Alarkh the Cleaver (White Draconian Monk)           Turns: 2814, Time: 00:03:46

Health: 33/57      AC:  6    Str: 14    XL:     7   Next: 2%
Magic:  7/7        EV: 13    Int: 12    God:
Gold:   222        SH:  0    Dex: 13    Spells: 0 memorised, 6 levels left

rFire  . . .     SeeInvis .     a - +0 hand axe
rCold  + . .     Gourm    .     (armour unavailable)
rNeg   . . .     Faith    .     (no shield)
rPois  .         Spirit   .     (helmet restricted)
rElec  .         Reflect  .     (no cloak)
rCorr  .         Harm     .     (no gloves)
MR     .....                    (no boots)
Stlth  ++........               (no amulet)
                                (no ring)
                                (no ring)

@: no status effects
A: breathe frost, unfitting armour, stinger 3, cold resistance 1, wild magic 1,
cold-blooded, AC +6
a: Breathe Frost


You were on level 5 of the Dungeon.
You were not hungry.

You visited 1 branch of the dungeon, and saw 5 of its levels.

You collected 222 gold pieces.

Inventory:

Hand Weapons
 a - a +0 hand axe (weapon)
Jewellery
 m - an uncursed ring of teleportation
Scrolls
 c - 3 scrolls of remove curse
 e - a scroll of identify
 g - a scroll of recharging
 k - 2 scrolls of enchant weapon {unknown}
 l - 2 scrolls of blinking {unknown}
Potions
 f - a potion of might {unknown}
 j - a potion of curing
 n - a potion of resistance
 o - a potion of lignification
Comestibles
 b - 3 bread rations
 d - 2 beef jerkies
 h - a slice of pizza
 i - 5 meat rations


   Skills:
 - Level 3.2 Fighting
 + Level 8.0 Axes
 - Level 2.6 Dodging
 - Level 1.7 Stealth


You had 6 spell levels left.
You didn't know any spells.

Dungeon Overview and Level Annotations

Branches:
Dungeon (5/15)
 Temple: D:4-7

Altars:
Elyvilon
Gozag
Kikubaaqudgha
Qazlal

Annotations:
D:2 1 runed door


Innate Abilities, Weirdness & Mutations

You can breathe waves of freezing cold.
You can buffet flying creatures when you breathe cold.
Your icy white scales are hard. (AC +6)
You cannot fit into any form of body armour.
Your flesh is cold resistant. (rC+)
You are cold-blooded and may be slowed by cold attacks.
Your tail ends in a wickedly sharp and poisonous barb.
Your spells are a little harder to cast, but a little more powerful.


Message History

You feel resistant to cold.
(D) Dungeon
Where to? (Enter - D:4 @ (x,y), ? - help)
You feel sick.
You feel sick.
You feel sick.
You feel sick.
You feel sick.
You feel sick.
You feel sick.
You feel sick.
You feel sick.
You are no longer poisoned.
There is a stone staircase leading down here.
You climb downwards. 3 jackals come into view.
The jackal barks! x2
Found 31 sling bullets.
There is a stone staircase leading up here.
Are you sure you want to abandon this character and quit the game? (Confirm with "yes".)

## ( .# #.##
########...####
.......@......+
####.......####
#.##...## #
#.#h# h..h#
#.### #.# #.#


You could see 3 jackals.

Vanquished Creatures
  The ghost of Uberchile the Covert, an amateur OpAs (D:3)
  An ogre (D:4)
  A big kobold (D:4)
  A scorpion (D:4)
  Jessica (D:3)
  Ijyb (D:2)
  Natasha (D:4)
  2 adders (D:2)
  A worm (D:3)
  A leopard gecko (D:1)
  2 orcs (D:3)
  2 ball pythons
  3 bats
  A bat zombie (D:2)
  A giant cockroach (D:3)
  6 goblins
  8 hobgoblins
  4 jackals (D:3)
  3 kobolds (D:2)
  A quokka (D:2)
  3 frilled lizards
  11 rats
  A rat zombie (D:2)
57 creatures vanquished.

Notes
Turn   | Place    | Note
-------+----------+-------------------------------------------
     0 | D:1      | Alarkh the Draconian Monk began the quest for the Orb.
     0 | D:1      | Reached XP level 1. HP: 19/19 MP: 1/1
   382 | D:1      | Reached XP level 2. HP: 26/26 MP: 2/2
   749 | D:2      | Reached skill level 4 in Axes
   759 | D:2      | HP: 1/39 [poisoned by an adder]
   760 | D:2      | Reached XP level 3. HP: 2/31 MP: 3/3
  1132 | D:2      | Found an opulent altar of Gozag.
  1184 | D:2      | Found a stormy altar of Qazlal.
  1211 | D:2      | Noticed Ijyb
  1224 | D:2      | Killed Ijyb
  1224 | D:2      | Reached XP level 4. HP: 34/38 MP: 4/4
  1265 | D:2      | Found a runed door.
  1365 | D:2      | Reached skill level 5 in Axes
  1436 | D:2      | Found a white marble altar of Elyvilon.
  1550 | D:2      | Found an ancient bone altar of Kikubaaqudgha.
  1773 | D:3      | Noticed Uberchile's ghost (amateur OpAs)
  1777 | D:3      | Gained mutation: Your tail ends in a poisonous barb. [potion of beneficial mutation]
  1822 | D:3      | Noticed Jessica
  1829 | D:3      | Killed Jessica
  2232 | D:3      | Gained mutation: Your spells are a little harder to cast, but a little more powerful. [potion of mutation]
  2232 | D:3      | Gained mutation: Your tail ends in a sharp poisonous barb. [potion of mutation]
  2232 | D:3      | Gained mutation: Your tail ends in a wickedly sharp and poisonous barb. [potion of mutation]
  2246 | D:3      | Killed Uberchile's ghost
  2246 | D:3      | Reached skill level 6 in Axes
  2246 | D:3      | Reached XP level 5. HP: 45/45 MP: 5/5
  2246 | D:3      | Reached XP level 6. HP: 51/51 MP: 6/6
  2412 | D:4      | Noticed Natasha
  2418 | D:4      | Killed Natasha
  2418 | D:4      | Reached skill level 7 in Axes
  2775 | D:4      | Reached skill level 8 in Axes
  2775 | D:4      | Your scales start taking on an icy white colour.
  2775 | D:4      | Reached XP level 7. HP: 35/57 MP: 7/7
  2775 | D:4      | Gained mutation: Your flesh is cold resistant. (rC+) [White Draconian growth]
  2813 | D:5      | Entered Level 5 of the Dungeon
  2814 | D:5      | Quit the game

Skill      XL: |  1  2  3  4  5  6 |
---------------+-------------------+-----
Axes           | 4 6 8 |  8.0
Fighting       | |  3.2
Dodging        | |  2.6
Stealth        | |  1.7

Action                   |  1- 3 |  4- 6 |  7- 9 || total
-------------------------+-------+-------+-------++-------
Melee: Hand axe          |    87 |   133 |       ||   220
       Tailslap          |    13 |    16 |       ||    29
  Use: Potion            |     3 |     3 |       ||     6
       Scroll            |       |     5 |       ||     5
 Stab: Sleeping          |     7 |     2 |       ||     9
  Eat: Chunk             |     1 |     5 |       ||     6
Armor: Skin              |    28 |    26 |       ||    54
Dodge: Dodged            |    49 |    91 |       ||   140
